 Dungeon Crawl Stone Soup version 0.25-a0-528-g6b7c999 (webtiles) character file.

Game seed: 4727760392847698436, levelgen mode: deterministic

2344 robertstho the Grappler (level 9, -12/130 HPs)
             Began as a Troll Fighter on Feb 19, 2020.
             Engulfed by a cloud of flame (20 damage)
             ... on level 7 of the Dungeon.
             The game lasted 00:07:38 (4205 turns).

robertstho the Grappler (Troll Fighter)             Turns: 4205, Time: 00:07:39

Health: -12/130    AC: 24    Str: 26 (28) XL:     9   Next: 20%
Magic:  8/8        EV:  1    Int:  5 (7)  God:
Gold:   421        SH:  9    Dex:  7 (9)  Spells: 8/8 levels left

rFire    . . .     SeeInvis .     - Unarmed
rCold    . . .     Gourm    +   b - +0 kite shield
rNeg     + + +     Faith    .   (armour currently unavailable)
rPois    +         Spirit   .   (helmet currently unavailable)
rElec    .         Reflect  .   (cloak currently unavailable)
rCorr    .         Harm     .   (gloves unavailable)
MR       .....     NoTele   +   (boots unavailable)
Stlth    +.........             (no amulet)
HPRegen  0.71/turn              (no ring)
MPRegen  0.11/turn              (no ring)

@: tree-form, berserk cooldown, stab, very slightly contaminated, slowed,
invisible, very slow
A: large, unfitting armour, rugged brown scales 1, clever 1, fast metabolism 3,
gourmand, regeneration 1
a: no special abilities


You were on level 7 of the Dungeon.
You were very full.
You were a tree.
You visited 2 branches of the dungeon, and saw 8 of its levels.

You collected 421 gold pieces.

Inventory:

Missiles
 l - 57 poisoned darts (quivered)
Armour
 b - a +0 kite shield (worn)
 p - a +1 robe of positive energy (melded)
Wands
 t - a wand of flame (13)
Scrolls
 e - 8 scrolls of identify
 h - a scroll of random uselessness
 i - 3 scrolls of fog
 j - a scroll of immolation
 o - 4 scrolls of amnesia
Potions
 c - a potion of might
 m - 5 potions of flight
 r - a potion of berserk rage
 s - 2 potions of mutation
 u - a potion of lignification
Comestibles
 d - 14 rations
 v - 5 chunks of flesh


   Skills:
 * Level 4.5 Fighting
 + Level 4.3 Dodging
 + Level 1.1 Stealth
 + Level 4.3 Shields
 * Level 9.5 Unarmed Combat


You had 8 spell levels left.
You didn't know any spells.
Your spell library was empty.

Dungeon Overview and Level Annotations

Branches:
Dungeon (7/15)             Temple (1/1) D:7

Altars:
Cheibriados
Dithmenos
Elyvilon
Fedhas
Gozag
Hepliaklqana
Kikubaaqudgha
Makhleb
Nemelex Xobeh
Qazlal
Ru
Sif Muna
Trog
Uskayaw
Vehumet
Wu Jian
Xom
Yredelemnul
Zin
The Shining One


Innate Abilities, Weirdness & Mutations

You are too large for most types of armour.
((You have claws for hands.))
Your metabolism is lightning-fast.
You like to eat raw meat.
Your natural rate of healing is unusually fast.
((You are covered in fur. (AC +1)))
((You have extremely tough skin. (AC +3)))
(You are partially covered in rugged brown scales. (AC +1, +3% HP))
((You are partially covered in yellow scales. (AC +2)))
Your mind is acute. (Int +2)
((Armour fits poorly on your strangely shaped body.))


Message History

You have reached level 9!
Your experience leads to an increase in your attributes!
Your base attributes are Str 26, Int 5, Dex 9.
Increase (S)trength, (I)ntelligence, or (D)exterity?
You feel stronger. x2
* * * LOW HITPOINT WARNING * * *
The hippogriff is engulfed in blazing flames.
Flame seeps out of the hippogriff.
The hippogriff is engulfed in blazing flames.
Flame seeps out of the hippogriff.
The hippogriff bites you but does no damage.
The hippogriff pecks you.
* * * LOW HITPOINT WARNING * * *
You block the hippogriff's attack.
The helpless hippogriff fails to defend itself.
You pummel the hippogriff!!
The hippogriff explodes!
The fiery explosion engulfs you!
* * * LOW HITPOINT WARNING * * *
You die...

** **,** *,* #.# ** *,* #,* #.#
,** *,* #.* #÷# *,* ##+#* #<###
#.# ,** *#...#* #...# #.# **
**.....#* ###*#.######.### *
**,......#* ##.###.##........
****,,.......####.........###.#..
,,,+,,..:....(§§♣..(.............
****,,.......####...#..#..###.#..
,* **,......#* ##..#.##..# #..#.
,* **.....#* ##.......# ##.#. ,*
*#...#* ###.###.# #.#. ,* ##+#*
#.# #.####.#. ,* *,* #.#
#........ ,* *****,*** *,*
#####.... ,* *,,,,,,,* *,* #..##


There were no monsters in sight!

Vanquished Creatures
  Joseph (D:7)
  Grinder (D:3)
  A hippogriff (D:7)
  A sky beast (D:6)
  2 ogres
  A centaur (D:5)
  Blork the orc (D:6)
  3 bullfrogs
  5 wights (D:6)
  A howler monkey (D:6)
  2 hounds (D:6)
  A bullfrog skeleton (D:5)
  3 orc priests
  7 orc wizards
  2 centaur skeletons
  An iguana (D:6)
  Terence (D:3)
  4 worker ants
  A hound skeleton (D:5)
  9 adders
  2 oozes (D:2)
  An adder zombie (D:6)
  4 worms
  2 dart slugs (D:1)
  5 leopard geckos
  19 orcs
  6 bats
  8 giant cockroaches
  8 goblins
  6 hobgoblins
  9 jackals
  7 kobolds
  2 quokkas (D:2)
  A ball python (D:3)
  4 frilled lizards
  A jackal skeleton (D:4)
  3 leopard gecko skeletons
  10 rats
146 creatures vanquished.

Notes
Turn   | Place    | Note
-------+----------+-------------------------------------------
     0 | D:1      | robertstho the Troll Fighter began the quest for the Orb.
     0 | D:1      | Reached XP level 1. HP: 22/22 MP: 0/0
   123 | D:1      | Reached XP level 2. HP: 29/29 MP: 1/1
   845 | D:2      | Reached XP level 3. HP: 35/36 MP: 2/2
  1071 | D:2      | Reached skill level 3 in Unarmed Combat
  1072 | D:2      | Reached XP level 4. HP: 44/44 MP: 3/3
  1421 | D:3      | Reached XP level 5. HP: 52/53 MP: 4/4
  1483 | D:3      | Noticed Terence
  1493 | D:3      | Killed Terence
  1493 | D:3      | Reached skill level 4 in Unarmed Combat
  1523 | D:3      | Noticed Grinder
  1533 | D:3      | Paralysed by Grinder for 2 turns
  1543 | D:3      | Paralysed by Grinder for 3 turns
  1547 | D:3      | Killed Grinder
  1547 | D:3      | Reached skill level 5 in Unarmed Combat
  1547 | D:3      | Reached XP level 6. HP: 33/61 MP: 5/5
  1624 | D:3      | Found a white marble altar of Elyvilon.
  1700 | D:3      | Found a snail-covered altar of Cheibriados.
  1844 | D:4      | Found a shadowy altar of Dithmenos.
  1907 | D:4      | Reached XP level 7. HP: 42/67 MP: 6/6
  2011 | D:4      | Found a sacrificial altar of Ru.
  2241 | D:5      | Entered Level 5 of the Dungeon
  2306 | D:5      | Reached skill level 6 in Unarmed Combat
  2983 | D:6      | Found a radiant altar of Vehumet.
  3029 | D:6      | Found a hide-covered altar of Uskayaw.
  3043 | D:6      | Reached skill level 7 in Unarmed Combat
  3043 | D:6      | Reached XP level 8. HP: 60/78 MP: 7/7
  3440 | D:6      | Noticed Blork the orc
  3452 | D:6      | Killed Blork the orc
  3489 | D:6      | Reached skill level 1 in Stealth
  3489 | D:6      | Reached skill level 8 in Unarmed Combat
  3540 | D:6      | Found an ancient bone altar of Kikubaaqudgha.
  3878 | D:7      | Found a staircase to the Ecumenical Temple.
  3907 | Temple   | Entered the Ecumenical Temple
  4005 | D:7      | Found a basalt altar of Yredelemnul.
  4164 | D:7      | Noticed Joseph
  4164 | D:7      | Noticed a hippogriff
  4188 | D:7      | Gained mutation: You are partially covered in rugged brown
                  | scales. (AC +1, +3% HP) [potion of mutation]
  4188 | D:7      | Gained mutation: Armour fits poorly on your strangely
                  | shaped body. [potion of mutation]
  4188 | D:7      | Gained mutation: You are partially covered in yellow
                  | scales. (AC +2) [potion of mutation]
  4188 | D:7      | Gained mutation: Your mind is acute. (Int +2) [potion of
                  | mutation]
  4204 | D:7      | Killed Joseph
  4204 | D:7      | Reached skill level 9 in Unarmed Combat
  4204 | D:7      | Reached XP level 9. HP: 32/87 MP: 8/8
  4205 | D:7      | Engulfed by a cloud of flame

Levels and vault maps discovered:
D:1:      dpeg_arrival_rooms_a, layout_basic, minivault_4,
          wad_floor_pattern_untrapped
D:2:      layout_rooms, minmay_box_of_dots
D:3:      layout_rooms, cheibriados_altar_1, elyvilon_altar_1, uniq_terence,
          uniq_grinder
D:4:      layout_rooms, nicolae_dithmenos_the_darkroom, first_ration,
          nicolae_ru_great_annihilating_truth
D:5:      layout_loops_corners
D:6:      layout_loops_ring, lemuel_round_altar, kennysheep_mini_moat,
          eat_drink_and_be_merry_uskayaw, grunt_ministairs_11,
          kennysheep_small_circle, uniq_blork_the_orc
D:7:      layout_loops_corners, nicolae_overflow_hidden_temple,
          okawaru_ov_weapons_minmay, minmay_temple_entry_crystal_x, uniq_joseph
Temple:   nicolae_temple_great_sept

Skill      XL: |  1  2  3  4  5  6  7  8 |
---------------+-------------------------+-----
Unarmed Combat | 3 5 7 9 |  9.5
Dodging        | 3 4 |  4.3
Fighting       | 3 4 |  4.5
Shields        | 3 4 |  4.3
Stealth        | 1 |  1.1

Action                   |  1- 3 |  4- 6 |  7- 9 || total
-------------------------+-------+-------+-------++-------
Melee: Unarmed           |    94 |   188 |   150 ||   432
  Use: Potion            |       |       |    13 ||    13
       Scroll            |       |       |     7 ||     7
 Stab: Sleeping          |       |     1 |     3 ||     4
       Invisible         |       |       |     2 ||     2
       Paralysed         |       |       |     1 ||     1
  Eat: Chunk             |    15 |     8 |    21 ||    44
Armor: Robe              |    42 |    58 |    30 ||   130
       Skin              |       |       |    10 ||    10
Dodge: Dodged            |    21 |    61 |    42 ||   124
Block: Kite shield       |    52 |    83 |    70 ||   205

Table legend:
 A = Non-vault XP
 B = Vault XP
 C = Vault XP percentage of total XP
 D = Non-vault monster count
 E = Vault monster count
 F = Vault count percentage of total count
                 A         B        C        D         E       F
            +---------+---------+-------+---------+---------+-------
      Total |    2235 |    1114 |  33.3 |     134 |      12 |   8.2
            +---------+---------+-------+---------+---------+-------
        D:1 |      40 |       0 |   0.0 |      20 |       0 |   0.0
        D:2 |      87 |       0 |   0.0 |      24 |       0 |   0.0
        D:3 |     183 |     326 |  64.0 |      29 |       2 |   6.5
        D:4 |     229 |      45 |  16.4 |      19 |       4 |  17.4
        D:5 |     370 |       0 |   0.0 |       9 |       0 |   0.0
        D:6 |     848 |     304 |  26.4 |      28 |       5 |  15.2
        D:7 |     478 |     439 |  47.9 |       5 |       1 |  16.7
            +---------+---------+-------+---------+---------+-------
